 Dungeon Crawl Stone Soup version 0.28.0-53-g5a82cb258f (webtiles) character file.

Game seed: 152452511985829460

1327 Ashen the Chiller (level 8, -8/79 HPs)
             Began as an Ogre Ice Elementalist on July 25, 2022.
             Mangled by a two-headed ogre
             ... wielding a +0 giant club
              (19 damage)
             ... on level 8 of the Dungeon.
             The game lasted 00:14:22 (6872 turns).

Ashen the Chiller (Ogre Ice Elementalist)           Turns: 6872, Time: 00:14:24

Health: -8/79      AC:  9    Str: 13    XL:     8   Next: 60%
Magic:  3/15       EV: 10    Int: 18    God:
Gold:   155        SH:  0    Dex:  9    Spells: 3/17 levels left

rFire   + . .      SeeInvis .   o - +1 giant spiked club
rCold   + . .      Faith    .   (shield currently unavailable)
rNeg    . . .      Spirit   .   a - +0 robe
rPois   .          Reflect  .   (helmet restricted)
rElec   .          Harm     .   b - scarf {rC+ rF+}
rCorr   .          Rampage  .   (gloves unavailable)
Will    .....                   (boots unavailable)
Stlth   ++........              (no amulet)
HPRegen 0.23/turn               (no ring)
MPRegen 0.14/turn               (no ring)

@: ice-armoured, freezing walls
A: large, unfitting armour, tough skin 1
a: no special abilities


You were on level 8 of the Dungeon.
You visited 1 branch of the dungeon, and saw 6 of its levels.

You collected 155 gold pieces.

Inventory:

Hand Weapons
 l - a +0 flail
 o - a +1 giant spiked club (weapon)
Armour
 a - a +0 robe (worn)
 b - a scarf of resistance (worn)
Jewellery
 j - a ring of resist corrosion
Wands
 m - a wand of charming (4)
 n - a wand of polymorph (2)
 q - a wand of flame (4)
Scrolls
 e - a scroll of noise
 i - a scroll of amnesia
 r - a scroll of identify
Potions
 c - a potion of haste
 d - 4 potions of curing {unknown}
 f - 2 potions of brilliance {unknown}
 g - a potion of degeneration {unknown}
 h - 2 potions of heal wounds {unknown}
 k - a potion of invisibility {unknown}
 p - a potion of mutation {unknown}


   Skills:
 + Level 4.9 Fighting
 + Level 2.4 Maces & Flails
 + Level 4.2 Dodging
 + Level 3.5 Stealth
 + Level 5.1 Spellcasting
 + Level 2.3 Conjurations
 + Level 5.2 Ice Magic


You had 3 spell levels left.
You knew the following spells:

 Your Spells              Type           Power      Damage    Failure   Level
a - Freeze                Ice            92%        1d10      1%          1
b - Frozen Ramparts       Ice            46%        1d6       4%          3
c - Ozocubu's Armour      Ice            23%        N/A       4%          3
d - Hailstorm             Conj/Ice       18%        3d6       26%         4
e - Swiftness             Air            4%         N/A       36%         3

Your spell library contained the following spells:

 Spells                   Type           Power      Damage    Failure   Level
 Shock                    Conj/Air       32%        1d5       9%          1
 Airstrike                Air            2%         N/A       78%         4


Dungeon Overview and Level Annotations

Branches:
Dungeon (5/15)
 Temple: D:4-7

Altars:

Annotations:
D:5 Menkaure


Innate Abilities, Weirdness & Mutations

You are too large for most types of armour.
You have tough skin. (AC +1)


Message History

Aim: a two-headed ogre, wielding two +0 giant clubs (lightly wounded, 85% to hit)
The puff of flame hits the two-headed ogre!
The two-headed ogre is moderately wounded.
Aiming: Throw Flame
Press: ? - help, Shift-Dir - straight line, f/p - two-headed ogre
Aim: a two-headed ogre, wielding two +0 giant clubs (moderately wounded, 85% to hit)
The puff of flame hits the two-headed ogre!
The two-headed ogre is heavily wounded.
The wall freezes the two-headed ogre.
Casting: Frozen Ramparts (dangerous; 4% risk of failure)
Confirm with . or Enter, or press ? or * to list all spells.
Okay, then.
Casting: Frozen Ramparts (dangerous; 4% risk of failure)
Confirm with . or Enter, or press ? or * to list all spells.
Casting: Hailstorm (dangerous; 26% risk of failure)
Press: ? - help, Dir - look around, f - activate A cannonade of hail descends around you!
The hail pelts the two-headed ogre.
The two-headed ogre is heavily wounded.
The hail pelts the killer bee.
The killer bee is moderately wounded.
The wall freezes the killer bee.
The wall freezes the two-headed ogre.
The wall freezes the killer bee.
The wall freezes the two-headed ogre.
The two-headed ogre hits you with a +0 giant club!
The two-headed ogre barely misses you.
You barely miss the two-headed ogre.
The two-headed ogre is severely wounded.
The frozen ramparts melt away.
The two-headed ogre hits you with a +0 giant club!!
The two-headed ogre hits you with a +0 giant club!
Casting: Hailstorm (dangerous; 26% risk of failure)
Confirm with . or Enter, or press ? or * to list all spells.
Casting: Frozen Ramparts (dangerous; 4% risk of failure)
Press: ? - help, Dir - look around, f - activate The walls around you are covered in ice.
The wall freezes the killer bee. x2; The wall freezes the two-headed ogre.
The two-headed ogre hits you with a +0 giant club!
* * * LOW HITPOINT WARNING * * *
The two-headed ogre hits you with a +0 giant club!!
You die...

..... ..#.# #.#.#
#.#.# #.#.#####.#
#...#.....#
.###..#..########..
........####......O
####....@Oy..#
#.....#####..y....
...#..## .....#.
####... .....# #..#
y....# #.. .....#
.. y....# .y...#


You could see a two-headed ogre and 2 killer bees.

Vanquished Creatures
  A water moccasin (D:5)
  Pargi (D:3)
  Duvessa (D:4)
  2 necrophages
  3 ogres
  2 scorpions (D:5)
  Dowan (D:4)
  A howler monkey (D:4)
  A centaur zombie (D:5)
  A jelly (D:5)
  An orc priest (D:4)
  A centaur skeleton (D:5)
  A bullfrog skeleton (D:5)
  Terence (D:2)
  Natasha (D:2)
  3 gnolls (D:3)
  10 adders
  2 worms (D:2)
  3 dart slugs (D:1)
  8 orcs (D:4)
  5 ball pythons
  10 endoplasms
  A giant cockroach (D:2)
  2 goblins
  4 hobgoblins
  3 jackals (D:1)
  7 kobolds
  3 quokkas
  9 bats
  6 frilled lizards
  7 rats
102 creatures vanquished.

Notes
Turn   | Place    | Note
-------+----------+-------------------------------------------
     0 | D:1      | Ashen the Ogre Ice Elementalist began the quest for the
                  | Orb.
     0 | D:1      | Reached XP level 1. HP: 16/16 MP: 3/3
   278 | D:1      | Found a faded altar of an unknown god.
   286 | D:1      | Reached XP level 2. HP: 19/24 MP: 3/5
   695 | D:1      | Reached XP level 3. HP: 30/31 MP: 4/7
  1227 | D:1      | Learned a level 3 spell: Frozen Ramparts
  1231 | D:1      | Learned a level 3 spell: Ozocubu's Armour
  1851 | D:2      | Reached XP level 4. HP: 40/40 MP: 4/8
  1919 | D:2      | Reached skill level 1 in Fighting
  3156 | D:3      | Reached XP level 5. HP: 28/49 MP: 4/10
  3288 | D:3      | Noticed Natasha
  3288 | D:3      | Noticed Terence
  3391 | D:2      | Killed Natasha
  3394 | D:2      | Killed Terence
  3618 | D:3      | Noticed Pargi
  3632 | D:3      | Killed Pargi
  3633 | D:3      | Reached XP level 6. HP: 51/59 MP: 0/11
  3754 | D:3      | Learned a level 4 spell: Hailstorm
  4120 | D:4      | Noticed a necrophage
  4141 | D:3      | Killed a necrophage
  4215 | D:4      | Noticed a necrophage
  4291 | D:4      | Reached XP level 7. HP: 52/67 MP: 4/13
  4439 | D:4      | Reached skill level 1 in Maces & Flails
  4439 | D:4      | Reached skill level 1 in Conjurations
  4767 | D:4      | Noticed Duvessa
  4771 | D:4      | Noticed Dowan
  4780 | D:4      | Killed Duvessa
  4785 | D:4      | Killed Dowan
  4940 | D:4      | Learned a level 3 spell: Swiftness
  5290 | D:5      | Entered Level 5 of the Dungeon
  5875 | D:5      | Reached XP level 8. HP: 45/78 MP: 9/15
  6098 | D:5      | Reached skill level 5 in Ice Magic
  6155 | D:5      | Noticed Menkaure
  6345 | D:5      | Reached skill level 5 in Spellcasting
  6849 | D:5      | You fall into a shaft and drop 3 floors!
  6860 | D:8      | Noticed a two-headed ogre
  6872 | D:8      | Mangled by a two-headed ogre

Illustrated notes

Levels and vault maps discovered:
D:1:      lightli_arrival_quake, layout_basic,
          hellmonk_ecumenical_altar_crossroads
D:2:      layout_basic
D:3:      layout_rooms, uniq_terence, uniq_natasha, uniq_pargi
D:4:      layout_cave_pools, uniq_duvessa
D:5:      layout_basic, grunt_ministairs_2, uniq_menkaure
D:8:      layout_rooms

Skill      XL: |  1  2  3  4  5  6  7  8 |
---------------+-------------------------+-----
Dodging        | 2 3 4 |  4.2
Spellcasting   | 3 4 5 |  5.1
Stealth        | 2 3 |  3.5
Ice Magic      | 4 5 |  5.2
Fighting       | 1 2 3 4 |  4.9
Maces & Flails | 1 2 |  2.4
Conjurations   | 1 2 |  2.3

Action                   |  1- 3 |  4- 6 |  7- 9 || total
-------------------------+-------+-------+-------++-------
Melee: Unarmed           |    34 |    16 |     5 ||    55
       Flail             |       |    34 |    27 ||    61
       Giant spiked club |       |       |    71 ||    71
       Punch             |       |       |     2 ||     2
 Cast: Freeze            |    54 |    42 |    16 ||   112
       Frozen Ramparts   |       |     6 |     9 ||    15
       Ozocubu's Armour  |       |     5 |    17 ||    22
       Hailstorm         |       |       |     1 ||     1
Evoke: Wand              |       |       |     4 ||     4
  Use: Scroll            |       |       |     8 ||     8
 Stab: Sleeping          |       |     3 |       ||     3
Armor: Robe              |    29 |    36 |    52 ||   117
Dodge: Dodged            |    45 |    74 |    91 ||   210
